 Dungeon Crawl Stone Soup version 0.20.1-1-g8b1a95d (webtiles) character file.

86 gobwax the Chiller (level 4, 0/33 HPs)
             Began as a Draconian Ice Elementalist on Aug 12, 2017.
             Was an Initiate of Sif Muna.
             Slain by a gnoll
             ... wielding a +0 halberd
              (12 damage)
             ... on level 2 of the Dungeon.
             The game lasted 00:08:59 (2340 turns).

gobwax the Chiller (Draconian Ice Elementalist)     Turns: 2340, Time: 00:09:00

Health: 0/33       AC:  5    Str: 10    XL:     4   Next: 26%
Magic:  5/9        EV: 12    Int: 16    God:    Sif Muna [......]
Gold:   73         SH:  0    Dex: 12    Spells: 6/9 levels left

rFire    . . .     SeeInvis .   j - -3 dagger (curse)
rCold    . . .     Gourm    .   (no shield)
rNeg     . . .     Faith    .   (armour unavailable)
rPois    .         Spirit   .   (helmet restricted)
rElec    .         Reflect  .   (no cloak)
rCorr    .         Harm     .   (no gloves)
MR       .....     Rnd*Tele +   (no boots)
Stlth    ++........             (no amulet)
Regen    0.2/turn               q - ring of teleportation (curse)
MPRegen  0.2/turn               (no ring)

@: very slightly contaminated
A: unfitting armour, cold-blooded, AC +5
a: Renounce Religion


You were on level 2 of the Dungeon.
You worshipped Sif Muna.
Sif Muna was noncommittal.
You were hungry.

You visited 1 branch of the dungeon, and saw 3 of its levels.

You collected 73 gold pieces.

Inventory:

Hand Weapons
 j - a cursed -3 dagger (weapon)
Jewellery
 g - an uncursed ring of wizardry {unknown}
 q - a cursed ring of teleportation (left hand)
Scrolls
 c - 2 scrolls of teleportation
 e - 2 scrolls of noise
 h - a scroll of identify
Potions
 d - 2 potions of invisibility
 f - 2 potions of flight {unknown}
 i - a potion of might {unknown}
 k - a potion of brilliance {unknown}
 l - a potion of lignification {unknown}
Books
 a - a book of Frost

   Spells                             Type                      Level
   a - Freeze                         Ice                          1
   b - Throw Frost                    Conjuration/Ice              2
   c - Ozocubu's Armour               Charms/Ice                   3
   d - Throw Icicle                   Conjuration/Ice              4
   e - Summon Ice Beast               Ice/Summoning                4
Comestibles
 b - 3 bread rations
 m - 4 fruits


   Skills:
 - Level 1.7 Dodging
 - Level 1.7 Stealth
 + Level 3.3 Spellcasting
 + Level 1.2 Conjurations
 + Level 4.0 Ice Magic


You had 6 spell levels left.
You knew the following spells:

 Your Spells              Type           Power        Failure   Level  Hunger
a - Freeze                Ice            ###.         3%          1    None
b - Throw Frost           Conj/Ice       ##....       10%         2    ##.....


Dungeon Overview and Level Annotations

Branches:
Dungeon (3/15)

Altars:
Sif Muna
Uskayaw

Annotations:
D:3 Grinder, Terence


Innate Abilities, Weirdness & Mutations

Your plain brown scales are hard. (AC +5)
You cannot fit into any form of body armour.
You are cold-blooded and may be slowed by cold attacks.


Message History

Aim: a gnoll, wielding a halberd (moderately wounded)
You freeze the gnoll.
The gnoll is moderately wounded.
Casting: Freeze
Confirm with . or Enter, or press ? or * to list all spells.
Aiming: Freeze
Press: ? - help, Shift-Dir - straight line, f/p - gnoll
Aim: a gnoll, wielding a halberd (moderately wounded)
You miscast Freeze.
You are very lightly contaminated with residual magic.
Nothing appears to happen.
The gnoll hits you with a halberd!
Casting: Freeze
Confirm with . or Enter, or press ? or * to list all spells.
Aiming: Freeze
Press: ? - help, Shift-Dir - straight line, f/p - gnoll
Aim: a gnoll, wielding a halberd (moderately wounded)
You freeze the gnoll.
The gnoll is almost dead.
The gnoll hits you with a halberd!
You die...

####### #########
#.....# #..@g...#
#.###.#######.#####.#
#.#......g....# #.#
#.#.#.######### #.#
#......g..)...# #.#
####.#.#######.# #.#
.......#######.# #g#
##### #...........##.#
#.# ##...##
#.##..#####.##.#####.#
##.....##


You could see a gnoll.

Vanquished Creatures
  2 gnolls (D:2)
  2 adders (D:2)
  An ooze (D:2)
  A worm (D:3)
  3 dart slugs (D:2)
  3 bats
  A giant cockroach (D:3)
  4 goblins
  3 hobgoblins
  2 quokkas (D:2)
  3 frilled lizards
  6 kobolds
  7 rats
38 creatures vanquished.

Notes
Turn   | Place    | Note
-------+----------+-------------------------------------------
     0 | D:1      | gobwax the Draconian Ice Elementalist began the quest for the Orb.
     0 | D:1      | Reached XP level 1. HP: 14/14 MP: 3/3
   520 | D:1      | Reached XP level 2. HP: 20/20 MP: 0/5
  1104 | D:2      | Learned a level 2 spell: Throw Frost
  1253 | D:2      | Found a deep blue altar of Sif Muna.
  1254 | D:2      | Found a hide-covered altar of Uskayaw.
  1262 | D:2      | Became a worshipper of Sif Muna the Loreminder
  1283 | D:2      | Reached XP level 3. HP: 23/26 MP: 4/7
  1850 | D:3      | Noticed Grinder
  1853 | D:3      | Noticed Terence
  2261 | D:2      | Reached XP level 4. HP: 27/33 MP: 3/8
  2307 | D:2      | Reached skill level 4 in Ice Magic
  2340 | D:2      | Slain by a gnoll

Skill      XL: |  1  2  3  4 |
---------------+-------------+-----
Spellcasting   | 3 |  3.3
Ice Magic      | 4 |  4.0
Dodging        | |  1.7
Stealth        | |  1.7
Conjurations   | |  1.2

Action                   |  1- 3 |  4- 6 || total
-------------------------+-------+-------++-------
Melee: Unarmed           |     5 |       ||     5
       Tailslap          |     5 |       ||     5
       Dagger            |    21 |       ||    21
 Cast: Freeze            |    65 |     7 ||    72
       Throw Frost       |    12 |       ||    12
  Use: Scroll            |     7 |       ||     7
  Eat: Chunk             |     5 |       ||     5
Armor: Skin              |    15 |       ||    15
Dodge: Dodged            |    52 |     3 ||    55
